[Event "GrandPrix_30.05"]
[Site "Chess.com"]
[Date "2020.05.30"]
[Round "4"]
[White "Matibar"]
[Black "moro182"]
[Result "1-0"]
[WhiteElo "2625"]
[BlackElo "2502"]
[TimeControl "600+2"]
[EndTime "9:56:15 PDT"]
[Termination "Matibar won by resignation"]

1. e4 e5 2. Nf3 Nc6 3. Bb5 a6 4. Ba4 Nf6 5. Nc3 b5 6. Bb3 Bc5 7. Nd5 d6 8. c3 Be6 9. d4 exd4 10.
cxd4 Bxd5 11. exd5 Bb4+ 12. Kf1 Ne7 13. Bg5 Ng6 14. Qe2+ Kf8 15. Rc1 Ba5 16. Nh4 h6 17. Nxg6+ fxg6 18. Be3 Kg8 19. Qd3 Kh7 20. h4 h5 21. Bg5 Qd7 22. Rh3 Rhf8 23. Bc2 Qf7 24. Rf3 Rae8 25. Bb1 Re7 26. a3 Qe8 27. b4 Bb6 28.
Rd1 a5 29. g3 axb4 30. axb4 Qf7 31. Qxb5 Ree8 32. Qd3 Ba7 33. Re1 Rxe1+ 34. Kxe1 Bb6 35. Kf1 Qe8 36. Kg2 Nd7 37. Rxf8 Nxf8 38. Qf3 Kg8 39. Be3 Nd7 40. g4 Nf6 41. g5 Ng4 42. Qe4 Qxe4+ 43.
Bxe4 Nxe3+ 44. fxe3 Kf7 45. Kf3 Ba7 46. Ke2 Bb6 47.
Kd3 Ba7 48. Kc4 Bb6 49. Kb5 Ba7 50. Kc6 Bb6 51. Kd7 Kf8 52. Bxg6 Kg8 53. Bxh5 Kf8 54. Bg6 Kg8 55. h5 Kf8 56. Ke6 Kg8 57. h6 gxh6 58.
gxh6 Ba7 59. Kf6 Bb6 60. h7+ Kh8 61. Bd3 Ba7 62. Kg6 Bb6 63. Kf7 Ba7 64. Ke7 Kg7 65. Kd7 Bb6 66. Kc6 Kh8 67. Kb5 Kg7 68. Kc4 Kh8 69.
Bf5 Kg7 70. e4 Ba7 71. e5 dxe5 72. dxe5 Be3 73. d6 1-0

[Event "GrandPrix_30.05"]
[Site "Chess.com"]
[Date "2020.05.30"]
[Round "4"]
[White "Baron_von_Koenig"]
[Black "Zakaryan_David"]
[Result "1/2-1/2"]
[WhiteElo "2105"]
[BlackElo "1615"]
[TimeControl "600+2"]
[EndTime "9:56:16 PDT"]
[Termination "Game drawn by repetition"]

1. Nc3 d5 2. e4 Nf6 3. e5 Ne4 4. Nce2 Bf5 5. d4 f6 6. f3 Ng5 7. g4 Bd7 8. h4 Nf7 9. Nc3 fxe5 10. dxe5 e6 11. f4 c5 12. Nf3 Nc6 13. Ng5 Nxg5 14. hxg5 Qb6 15. Bd3 c4 16. Bg6+ hxg6 17. Rxh8 Qg1+ 18.
Kd2 Qf2+ 19. Ne2 Nd4 20. c3 O-O-O 21. Rxf8 Nf3+ 22. Kc2 Rxf8 23. Bd2 Ba4+ 24. b3 Bb5 25. Ng1 Nxg1 26. Qxg1 Rxf4 27. Qxf2 Rxf2 28. Rh1 cxb3+ 29. axb3 b6 30. Rh8+ Kc7 31. Rg8 Rf7 32. Be3 Be2 33.
Re8 Bxg4 34. Kd2 a5 35. Kd3 Kb7 36. Rd8 Bf5+ 37. Kd2 Rc7 38. Rd6 Rc6 39. Rd7+ Ka6 40. Rxg7 Rc8 41. Rd7 Rb8 42. Rd6 Kb5 43. Bd4 Rb7 44.
Ke3 Bc2 45. b4 a4 46. Rd8 Ra7 47. Rb8 a3 48. Bxb6 Ra6 49. Bd4+ Kc4 50. b5 Ra4 51. b6 a2 52. b7 a1=Q 53. Rc8+ Kb3 54. b8=Q+ Ka2 55.
Qb5 Qc1+ 56. Kf2 Qd2+ 57. Qe2 Qf4+ 58. Ke1 Qc1+ 59. Kf2 Qf4+ 60. Ke1 Qh4+ 61. Kd2 Ka1 62. Qe1+ Qxe1+ 63. Kxe1 Bf5 64. Kd2 Ka2 65. Rb8 Ka3 66. Rb7 Ka2 67. Ra7 Rxa7 68. Bxa7 Kb3 69. Bd4 Kc4 70. Ke3 Kb3 71. Kd2 Kb2 72. Bc5 Be4 73. Bd4 Bf5 74. Bc5 Kb3 75. Bd4 1/2-1/2

[Event "GrandPrix_30.05"]
[Site "Chess.com"]
[Date "2020.05.30"]
[Round "4"]
[White "RitvarsReimanis"]
[Black "khekhm"]
[Result "0-1"]
[WhiteElo "2132"]
[BlackElo "2437"]
[TimeControl "600+2"]
[EndTime "9:56:23 PDT"]
[Termination "khekhm won by resignation"]

1. d4 Nf6 2. c4 g6 3. Nc3 d5 4.
cxd5 Nxd5 5. e4 Nxc3 6. bxc3 Bg7 7. Be3 c5 8. Qd2 Qa5 9. Rc1 O-O 10. Nf3 Bg4 11. Be2 Rd8 12. d5 Nc6 13. O-O Rac8 14. Qb2 Bxf3 15. gxf3 Ne5 16. f4 Nd7 17. Qxb7 Bxc3 18.
Qa6 Rc7 19. Rfd1 Rb8 20. Qxa5 Bxa5 21. Rc2 Rcb7 22. e5 Rb2 23. Rdc1 Rxc2 24. Rxc2 Rb1+ 25. Kg2 Bb6 26. Bg4 f5 27. Be2 Kf8 28. a4 Ke8 29.
Bb5 Kd8 30. h4 Rd1 31. Bc6 Rd3 32. Rc1 Nb8 33. Bb7 Kc7 34. Ba8 Nd7 35. Bc6 Ra3 36.
Bxd7 Kxd7 37. Bxc5 Rxa4 38. e6+ Kd8 39. Be3 Bc7 40.
Kf3 a5 41. Rc6 Ra2 42. Ra6 Kc8 43. Ra8+ Kb7 44. Ra7+ Kb8 45. Ra6 Ra3 46. Ke2 Rb3 47.
Kd1 Rb5 48. d6 Bxd6 49. Kc2 Kb7 50. Ra7+ Kc6 51. Ra8 Kd5 52. Rh8 Kxe6 53. Rxh7 Rb4 54. h5 gxh5 55. Rh6+ Kd5 56. Rxh5 Ke4 57. Rh7 a4 58.
Bc1 Rc4+ 59. Kd1 a3 60. Rh8 Ra4 61. Rh3 a2 62. Re3+ Kd5 63. Bb2 a1=Q+ 64. Bxa1 Rxa1+ 65. Ke2 Ra4 0-1

[Event "GrandPrix_30.05"]
[Site "Chess.com"]
[Date "2020.05.30"]
[Round "4"]
[White "igorkovalenko"]
[Black "TheNextLevelFan"]
[Result "1-0"]
[WhiteElo "2456"]
[BlackElo "2418"]
[TimeControl "600+2"]
[EndTime "9:56:24 PDT"]
[Termination "igorkovalenko won by resignation"]

1. d4 d5 2. Nf3 Nf6 3. c4 dxc4 4.
e3 a6 5. Bxc4 e6 6. O-O c5 7. a4 Be7 8. Nc3 O-O 9. Qe2 Nc6 10.
Rd1 Qc7 11. b3 Na5 12. Bb2 Bd7 13. d5 Nxc4 14. bxc4 exd5 15. Nxd5 Nxd5 16. cxd5 Bd6 17. a5 Rae8 18. h3 Bb5 19. Qc2 f5 20. Ng5 Bd7 21. Qc4 Qc8 22. Rac1 Bb5 23. Qh4 h6 24. Ne6 Rf7 25.
Qh5 Rxe6 26. dxe6 Qxe6 27. Rd2 Bc6 28. Rcd1 Bc7 29. Bc3 Qe4 30. Qg6 Qe7 31. Kh1 Qg5 32. Qxg5 hxg5 33. Kg1 Re7 34. Rd5 Bxd5 35. Rxd5 g6 36. Rxc5 Kf7 37. Kf1 Rd7 38. Ke2 Bd8 39. g4 Ke6 40. Re5+ Kf6 41. Rxf5+ Ke6 42. Re5+ Kf7 43. Rc5 Be7 44. Rc8 Bf6 45. Bxf6 Kxf6 46. Rc5 Rd6 47. Rc7 b6 48. axb6 Rxb6 49. Kf3 Ke6 50.
Rc5 Kf6 51. Ra5 Rc6 52. Kg3 Rb6 53. f3 Re6 54. e4 Rb6 55. h4 gxh4+ 56. Kxh4 Rc6 57.
e5+ Kf7 58. Kg5 Rb6 59. f4 Kg7 60. Ra1 Re6 61. Rc1 Kf8 62. Rc8+ Ke7 63. Rc7+ Kd8 64. Rc5 Ke7 65. f5 gxf5 66. gxf5 Rb6 67. Rc7+ Kd8 68.
Ra7 Rb5 69. e6 a5 70. Kf6 1-0

[Event "GrandPrix_30.05"]
[Site "Chess.com"]
[Date "2020.05.30"]
[Round "4"]
[White "Supernotar"]
[Black "iceboy88"]
[Result "1-0"]
[WhiteElo "2189"]
[BlackElo "2292"]
[TimeControl "600+2"]
[EndTime "9:56:33 PDT"]
[Termination "Supernotar won by resignation"]

1. d4 Nf6 2. c4 c5 3. Nf3 cxd4 4. Nxd4 e5 5. Nb5 d5 6. cxd5 Bc5 7. N5c3 O-O 8. g3 Ng4 9. e3 f5 10. Be2 h5 11. h3 Nf6 12. Bxh5 Nxh5 13. Qxh5 e4 14.
Nd2 Nd7 15. Nb3 Bd6 16. Nd4 Ne5 17. Kf1 Rf6 18. Kg2 Nf3 19. Ne6 Bxe6 20. dxe6 g6 21. Qh6 Bf8 22. e7 Qxe7 23. Nd5 Qd6 24. Nxf6+ Qxf6 25. Qf4 Bd6 26. Qh6 Bf8 27. Qf4 Rc8 28. h4 Bd6 29. Qh6 Bf8 30. Qf4 Ne5 31. Qg5 Qxg5 32. hxg5 Rc2 33. Rd1 Nd3 34. Bd2 Rxb2 35. Rab1 Rxa2 36.
Rxb7 a5 37. Kf1 a4 38. Be1 a3 39. Rb8 Rc2 40. Ra8 Kf7 41. Ra7+ Ke6 42. Ra6+ Bd6 43.
Ra1 Kd5 44. Kg1 Re2 45. Kf1 Rxe1+ 46. Rxe1 Nxe1 47. Kxe1 Bb4+ 48. Kd1 Kc4 49. Kc2 Bc3 50.
Rxa3 Be1 51. Ra6 Bxf2 52. Rxg6 Bxe3 53. Rg8 Kd5 54. g6 Ke6 55. Rf8 Bh6 56. Rf7 Be3 57. Kd1 Bd4 58. Ke2 Be5 59. Kf1 Bxg3 60. Rf8 Be5 61. Re8+ Kf6 62. Rxe5 Kxg6 63. Ra5 Kg5 64. Ke2 Kf4 65. Ra4 Kg3 66. Ra3+ Kg2 67. Ke3 Kg3 68. Ra1 Kg2 69. Kf4 Kf2 70. Ra3 e3 71.
Rxe3 1-0

[Event "GrandPrix_30.05"]
[Site "Chess.com"]
[Date "2020.05.30"]
[Round "4"]
[White "Valeriy_Neverov"]
[Black "Vuk2000"]
[Result "1/2-1/2"]
[WhiteElo "2086"]
[BlackElo "2205"]
[TimeControl "600+2"]
[EndTime "9:56:57 PDT"]
[Termination "Game drawn - insufficient material"]

1. c4 e5 2. Nc3 Nc6 3. g3 g6 4.
Bg2 Bg7 5. e3 d6 6. Nge2 Be6 7.
b3 Qd7 8. h3 Nge7 9. Bb2 O-O 10. d3 Rad8 11. Nd5 f5 12. Qd2 a5 13. O-O f4 14.
exf4 Bxh3 15. Nxe7+ Nxe7 16. Rae1 Bxg2 17. Kxg2 Nf5 18. Rh1 Qc6+ 19. f3 Rf7 20. d4 Rdf8 21. d5 Qd7 22. fxe5 dxe5 23. Ng1 Qd6 24. Re4 c6 25.
Qxa5 cxd5 26. Qxd5 Qxd5 27. cxd5 Nd6 28. Re2 e4 29.
Bxg7 exf3+ 30. Nxf3 Rxg7 31. Nd4 Rd7 32. Ne6 Re8 33.
Rhe1 Rde7 34. Nf4 Rxe2+ 35. Rxe2 Rc8 36. Re7 Rc2+ 37. Re2 Rc3 38. Re6 Nf5 39. d6 Kf7 40. d7 Rc2+ 41. Re2 Rxe2+ 42. Nxe2 Ke7 43. Kf3 Kxd7 44.
g4 Nd6 45. Nd4 Nf7 46. Kf4 Kd6 47. g5 Kd5 48. Nc2 Nd8 49. Ne3+ Kd4 50. Nc4 Ne6+ 51. Kg4 b5 52. Nd6 b4 53. Nb5+ Kc5 54. a4 Nd8 55. Kf4 Ne6+ 56. Kg4 Kc6 57. Na7+ Kb6 58. Nb5 Kc5 59. Kh4 Kd5 60. Kg4 Nc5 61. a5 Nxb3 62. a6 Kc6 63. a7 Kb7 64. Nc7 Kxa7 65. Nd5 Nc5 66. Nxb4 Kb7 67. Nd5 Ne6 68. Nf6 Nf8 69. Kf4 Kc6 70. Ke5 Kc7 71. Ne4 Kd7 72. Kf6 Ne6 73.
Nf2 Kd6 74. Ng4 Kd5 75. Ne5 Nxg5 76. Nxg6 Ne4+ 77. Kg7 h5 78. Kh6 Nf6 79. Kg5 Ne4+ 80.
Kxh5 1/2-1/2

[Event "GrandPrix_30.05"]
[Site "Chess.com"]
[Date "2020.05.30"]
[Round "4"]
[White "WoodlandMagic"]
[Black "Iljin_Timofey"]
[Result "1-0"]
[WhiteElo "2122"]
[BlackElo "2255"]
[TimeControl "600+2"]
[EndTime "9:57:07 PDT"]
[Termination "WoodlandMagic won by checkmate"]

1. d4 d5 2. c4 e6 3. Nc3 Bb4 4.
cxd5 exd5 5. Bf4 c5 6. e3 Nc6 7. dxc5 Nf6 8. Bd3 O-O 9. Ne2 Bxc5 10. O-O Bg4 11. Bg5 d4 12. exd4 Nxd4 13. Qa4 Re8 14. Ng3 Be7 15. Nb5 h6 16. Be3 Ne6 17. Bf5 a6 18.
Bxg4 axb5 19. Qd1 Qxd1 20. Bxd1 Nd5 21. Bd2 Nd4 22. Ne2 Nxe2+ 23. Bxe2 Bg5 24. Bf3 Rad8 25.
Bxg5 hxg5 26. Rfd1 Nb4 27. a3 Nc2 28. Rxd8 Rxd8 29. Rd1 Nd4 30. Kf1 b6 31. Be2 Rd6 32.
g3 f5 33. Bh5 Kf8 34. Be2 Ke7 35. f3 f4 36. gxf4 gxf4 37. Kf2 g5 38. Bd3 Rh6 39. Kg2 Kf6 40. Bf1 Nf5 41. Rc1 Ne3+ 42. Kg1 Ke5 43. Bxb5 Kd4 44. Be2 Nf5 45. Rc3 Ne3 46.
Rd3+ Ke5 47. Rb3 Kd4 48. Rb4+ Kc5 49. Rb5+ Kd4 50. Rxg5 Nd5 51. Rg8 Ke3 52. Re8+ Kd2 53. Rd8 Kxe2 54. Rxd5 Rg6+ 55. Kh1 Kxf3 56. h4 Kg3 57.
Rg5+ Rxg5 58. hxg5 Kf2 59. g6 f3 60. g7 Ke2 61. g8=Q f2 62. Qe6+ Kd2 63. Qf5 Ke2 64.
Kg2 Kd2 65. Qxf2+ Kc1 66. Qxb6 Kb1 67. a4 Ka2 68. a5 Kb1 69. a6 Ka2 70. a7 Kb1 71.
Qg1+ Kc2 72. a8=Q Kxb2 73. Qc6 Ka2 74. Qgb6 Ka3 75. Qa8# 1-0

[Event "GrandPrix_30.05"]
[Site "Chess.com"]
[Date "2020.05.30"]
[Round "4"]
[White "ftorodent"]
[Black "chessdjw"]
[Result "1-0"]
[WhiteElo "2164"]
[BlackElo "2161"]
[TimeControl "600+2"]
[EndTime "9:57:37 PDT"]
[Termination "ftorodent won on time"]

1. d4 Nf6 2. c4 g6 3. Nc3 d5 4.
Nf3 Bg7 5. cxd5 Nxd5 6. Bg5 c5 7. Rc1 Nxc3 8. bxc3 Bf5 9. e3 Qa5 10. Qd2 Nd7 11.
Be2 Nf6 12. O-O Ne4 13. Qb2 Nxg5 14. Bb5+ Kf8 15. Nxg5 h6 16. Nf3 Kg8 17. Bc4 Qc7 18.
Qb3 e6 19. Nd2 g5 20. e4 Bg6 21. d5 exd5 22. Bxd5 Rd8 23. Nc4 b6 24. a4 Kh7 25.
a5 bxa5 26. Ra1 Rhe8 27. f3 f5 28. Rxa5 fxe4 29. fxe4 Rf8 30. Raa1 Rb8 31. Qa3 a6 32. Rae1 Qa7 33. e5 Rxf1+ 34. Rxf1 Rd8 35. Be6 Rd3 36. Qb3 a5 37. Bf5 Bxf5 38. Rxf5 Qd7 39. Rf1 Qd5 40. e6 Qxe6 41. Qb1 Qe4 42. Nd6 Qg6 43. Nf5 Rd7 44.
Qb5 Rf7 45. Qxc5 a4 46. g4 Qa6 47. Qd5 Qa7+ 48. Rf2 a3 49. Qe4 a2 50. Nd4+ Kg8 51.
Qe8+ Rf8 52. Qe6+ Kh8 53. Rxa2 Bxd4+ 54. cxd4 Qxd4+ 55. Kg2 Qc3 56. Qxh6+ Kg8 57. Qxg5+ Kh8 58. Qh6+ Kg8 59. Qg6+ Kh8 60. Qe4 Qf6 61. Re2 Qf1+ 62.
Kg3 Qg1+ 63. Rg2 Qa7 64. Re2 Qg1+ 65. Kh4 Qc1 66. Qe5+ Kg8 67. Qg5+ Qxg5+ 68. Kxg5 Kg7 69. Re7+ Kg8 70. h4 Ra8 71. h5 Ra5+ 72. Kf6 Ra6+ 73.
Re6 Ra4 74. g5 Rf4+ 75. Kg6 Rf8 76. Re7 Ra8 77. Re6 Rb8 78. h6 Rc8 79. Rd6 Kh8 80.
Kf7 Rc7+ 81. Ke6 Rc8 82. g6 Rg8 83. Ke7 Rb8 84. Rd8+ 1-0

[Event "GrandPrix_30.05"]
[Site "Chess.com"]
[Date "2020.05.30"]
[Round "4"]
[White "Sakkcapak"]
[Black "Nitzan_Steinberg"]
[Result "0-1"]
[WhiteElo "2167"]
[BlackElo "2459"]
[TimeControl "600+2"]
[EndTime "9:57:38 PDT"]
[Termination "Nitzan_Steinberg won by checkmate"]

1. c4 e5 2. g3 Nf6 3. Bg2 d5 4. cxd5 Nxd5 5. Nc3 Nxc3 6. bxc3 Nc6 7. Nf3 Bc5 8. O-O O-O 9. d3 Bg4 10. h3 Bf5 11. Rb1 Bb6 12. Ba3 Re8 13. Nd2 Qd7 14. Kh2 Nd8 15. Qc2 Bg6 16. Nc4 Qe6 17. Qa4 e4 18.
Nxb6 cxb6 19. Rbd1 Nc6 20. Qb3 h6 21. Qxe6 Rxe6 22.
d4 Na5 23. d5 Re5 24. Rd4 Rd8 25. Rfd1 b5 26. Bc1 Rd7 27. Bf4 Re8 28. a4 Nb3 29.
Rb4 bxa4 30. Rxa4 b6 31. c4 Rc8 32. Rb4 Na5 33. Rc1 f5 34. g4 h5 35. Kg3 Kf7 36.
Be3 Nb7 37. Ra1 Nd6 38. Rba4 Nxc4 39. Rxa7 Rcc7 40. Rxc7 Rxc7 41. Rc1 b5 42. Bf4 Rd7 43. Rd1 Nb6 44. d6 Ke6 45. gxf5+ Bxf5 46. Rb1 Nd5 47.
Rxb5 h4+ 48. Kxh4 Nxf4 49. Kg5 Nxh3+ 50. Bxh3 Bxh3 51. Kf4 Rf7+ 52. Kxe4 Rxf2 53. Rg5 Rg2 54. Rh5 Bg4 55. Rg5 Bh3 56. Rh5 Rxe2+ 57. Kf3 Bf1 58.
Rg5 Kxd6 59. Rxg7 Re6 60. Kf4 Bc4 61. Rg5 Bd5 62. Rg7 Kc5 63. Rg5 Kd4 64. Kg3 Re3+ 65. Kh4 Ke4 66. Rg4+ Ke5 67. Rg5+ Kd6 68. Rg6+ Be6 69.
Kg5 Ke5 70. Kh6 Bf5 71. Rb6 Rh3+ 72. Kg7 Rh7+ 73. Kf8 Ra7 74. Rc6 Be6 75. Rc1 Kf6 76. Rf1+ Bf5 77. Re1 Rf7+ 78. Ke8 Rc7 79. Kf8 Rh7 80.
Rf1 Rh8# 0-1

[Event "GrandPrix_30.05"]
[Site "Chess.com"]
[Date "2020.05.30"]
[Round "4"]
[White "Alexander_Donchenko"]
[Black "BMOchsner"]
[Result "0-1"]
[WhiteElo "2587"]
[BlackElo "2328"]
[TimeControl "600+2"]
[EndTime "9:57:43 PDT"]
[Termination "BMOchsner won on time"]

1. Nf3 d5 2. g3 Nd7 3. d4 b5 4.
Bg2 Ngf6 5. O-O e6 6. a4 b4 7. c4 bxc3 8. bxc3 Be7 9. c4 c6 10.
c5 Ne4 11. Qd3 a5 12. Nbd2 Ba6 13. Qe3 f5 14. Re1 O-O 15. Nxe4 dxe4 16. Ng5 Bc4 17. f3 h6 18. Qc3 Bd5 19. Nxe4 e5 20. Nd6 exd4 21. Qc2 Bxd6 22. cxd6 c5 23. e4 fxe4 24. fxe4 Be6 25. e5 Rb8 26. Bxh6 Qe8 27. Bf4 c4 28. Qd2 d3 29. Qxa5 Rb2 30. Rab1 Qb8 31. Rxb2 Qxb2 32. Bd5 Qd4+ 33. Be3 Qxd5 34. Qxd5 Bxd5 35.
Bd4 Be6 36. a5 d2 37. Rd1 Bh3 38. a6 Rf1+ 39. Rxf1 Bxf1 40. a7 d1=Q 41. a8=Q+ Nf8 42. Qa1 Qxa1 43. Bxa1 Bd3 44. Kf2 Kf7 45. Ke3 Ke6 46.
Kf4 Nd7 47. h4 Nb6 48. Ke3 Nd7 49. Kf4 Nc5 50. Ke3 Ne4 51. g4 Nc5 52. h5 Nd7 53. Kf4 Be2 54. Kg5 Bd3 55. h6 gxh6+ 56. Kxh6 Nb6 57. g5 Nd5 58. g6 Bxg6 59. Kxg6 c3 60.
Kg7 c2 61. Bb2 Nb4 62. Kf8 Nd3 63. Ba3 Nxe5 64. Ke8 Nd7 65. Kd8 Nb6 66. Kc7 Nc4 67.
d7 Nxa3 68. d8=Q c1=Q+ 69. Kb8 Qb2+ 70. Ka8 Qg2+ 71. Kb8 Qg3+ 72. Qc7 Qb3+ 73. Qb7 Nb5 74. Qe4+ Kd6 75. Qf4+ Kc5 76. Qe5+ Kc6 77. Qe4+ Kb6 78. Qg6+ Ka5 79. Qg5 Qf7 80. Qd8+ Ka6 81. Qc8+ Kb6 0-1

[Event "GrandPrix_30.05"]
[Site "Chess.com"]
[Date "2020.05.30"]
[Round "4"]
[White "viktorskliarov"]
[Black "Kezin_Roman"]
[Result "1/2-1/2"]
[WhiteElo "2240"]
[BlackElo "2499"]
[TimeControl "600+2"]
[EndTime "9:57:46 PDT"]
[Termination "Game drawn - insufficient material"]

1. e4 c5 2. Nf3 e6 3. d4 cxd4 4. Nxd4 Nc6 5. Nc3 Qc7 6. Be2 a6 7. O-O Nf6 8. Be3 Be7 9. f4 d6 10. Kh1 O-O 11. Qe1 Nxd4 12. Bxd4 b5 13. a3 Bb7 14. Qg3 Rad8 15. Rae1 Rfe8 16. Bd3 Rd7 17. e5 dxe5 18. Bxe5 Qd8 19. f5 Bd6 20. Qh3 Bxe5 21. Rxe5 exf5 22. Rexf5 Rd6 23. Qh4 h6 24. a4 Rd4 25.
R5f4 Rxd3 26. cxd3 g5 27. Qxh6 gxf4 28. Qg5+ Kh8 29. axb5 Rg8 30. Qh4+ Nh7 31. Qxd8 Rxd8 32.
bxa6 Bxa6 33. Rxf4 Kg7 34. d4 Nf6 35. Kg1 Rb8 36.
Rf2 Bc4 37. Rd2 Re8 38. Kf2 Ng4+ 39. Kg3 Ne3 40. Kf3 Nf1 41. Rd1 Nxh2+ 42. Kf4 Nf1 43. d5 Ne3 44. Rd4 Nxg2+ 45. Kf3 Ne1+ 46. Kg3 Bb3 47. d6 Nc2 48. Re4 Rd8 49. Nb5 Be6 50. Rf4 Rb8 51. Nc7 Bd7 52. Nd5 Rxb2 53. Ne7 Rb3+ 54.
Rf3 Rxf3+ 55. Kxf3 Kf6 56. Kf4 Ke6 57. Nf5 Nb4 58.
Nh6 f6 59. Ng8 Nd5+ 60. Kf3 f5 61. Nh6 f4 62. Ke4 Kxd6 63. Nf7+ Kc5 64. Ne5 Bb5 65. Ng6 Bc6 66. Nxf4 Nc3+ 67. Ke5 Nb5 68. Ne6+ Kc4 69. Nf4 Nd4 70. Ne6 Nf3+ 71. Kf4 Nd2 72. Ke5 Nf3+ 73. Kf4 Ne1 74. Ke5 Nd3+ 75. Kd6 Bf3 76. Ng5 Bg2 77. Ne6 Nf2 78. Nf4 Bf3 79. Ne6 Nd3 80. Ng5 Bg4 81. Ne6 Nf2 82. Nf4 Kd4 83. Ne6+ Ke4 84. Nc5+ Kf5 85. Kd5 Bf3+ 86. Kd6 Ng4 87.
Ne6 Ne5 88. Nd4+ Ke4 89. Nxf3 1/2-1/2

[Event "GrandPrix_30.05"]
[Site "Chess.com"]
[Date "2020.05.30"]
[Round "4"]
[White "Jaka_Brilej"]
[Black "elohunter1999"]
[Result "1-0"]
[WhiteElo "2124"]
[BlackElo "2152"]
[TimeControl "600+2"]
[EndTime "9:58:04 PDT"]
[Termination "Jaka_Brilej won by resignation"]

1. e4 c5 2. Nf3 Nc6 3. d4 cxd4 4. Nxd4 Nf6 5. Nc3 d6 6. f3 e5 7. Nb3 Be7 8. Be3 O-O 9. Qd2 a5 10. a4 Be6 11. O-O-O Nb4 12. Qf2 Qc8 13. Kb1 d5 14. exd5 Nfxd5 15. Nxd5 Bxd5 16. Bb5 Qf5 17. Bd3 Nxd3 18.
Rxd3 Bc4 19. Rc3 b5 20. Bc5 Bxc5 21. Nxc5 Rfc8 22. Rd1 h6 23. Qe3 e4 24. Nxe4 b4 25. Nd6 Qd7 26. Rxc4 Rxc4 27. Rd3 Rc6 28. Ne4 Qc7 29.
Qe2 Rd8 30. g3 f5 31. Nf2 Rxd3 32. Nxd3 Qd6 33. Ne5 Rc5 34. Nd3 Rd5 35. b3 Kh7 36. g4 Qf6 37. h3 Qc3 38. Qe6 Qd4 39. gxf5 Rd6 40. Qe2 Qf6 41. Qe4 Rd4 42. Qe3 Rd5 43. Qe4 Qxf5 44. Qe2 h5 45. h4 Rd4 46. f4 Kh6 47.
Qe3 Qe4 48. Qg3 g6 49. Qg5+ Kh7 50. Qg1 Qd5 51. f5 gxf5 52. Qg5 Qf7 53. Ne5 Rd1+ 54. Ka2 Qe6 55. Qxh5+ Kg7 56. Qxd1 Qxe5 57. Qd3 f4 58. Qf3 Qe3 59. Qg4+ Kf6 60. Qg5+ Ke6 61. h5 Qe5 62. Qg6+ Qf6 63. Qe4+ Kf7 64. Qf3 Kg7 65. Qg4+ Kh6 66. Qf3 Qf5 67. Kb2 Kg5 68. Qh1 f3 69. h6 f2 70. h7 Qf6+ 71. Ka2 f1=Q 72. Qxf1 Qxf1 73. h8=Q Qc1 74. Qb2 Qd2 75. Qb1 Kf6 76. Qb2+ Ke6 77. Kb1 Qd1+ 78. Qc1 Qd4 79. Qe1+ Kd6 80. Qe2 Qd5 81.
Qa6+ Ke5 82. Qe2+ Kd6 83. Qd3 Qxd3 84. cxd3 Ke5 85. Kc2 Kd5 86. Kd1 Ke5 87. Ke2 Kf4 88. Kf2 Kf5 89. Kf3 Ke5 90. Ke3 Kd5 91. d4 Kd6 92. Kd3 Kd5 93. Ke3 Ke6 94. Ke4 Kd6 95. d5 Kc5 96. Ke5 1-0

[Event "GrandPrix_30.05"]
[Site "Chess.com"]
[Date "2020.05.30"]
[Round "4"]
[White "VMikhalevski"]
[Black "kpio91"]
[Result "0-1"]
[WhiteElo "2630"]
[BlackElo "2623"]
[TimeControl "600+2"]
[EndTime "9:58:31 PDT"]
[Termination "kpio91 won by checkmate"]

1. Nf3 d5 2. g3 Nf6 3. Bg2 g6 4. O-O Bg7 5. d4 O-O 6. c4 c6 7. Qb3 Qb6 8. Nc3 Rd8 9. Bd2 Na6 10. Na4 Qxb3 11. axb3 Bf5 12. Rfc1 Be4 13. e3 e6 14. Ba5 Rdc8 15. Be1 c5 16. Nc3 Bxf3 17. Bxf3 cxd4 18. exd4 Nb4 19. Be2 Nc6 20. Rd1 Rd8 21. Bf3 Rac8 22. Ne2 a6 23. h4 Ne4 24. Kg2 f5 25. Bc3 Kf7 26. Nf4 dxc4 27. bxc4 Nxd4 28. Bxe4 fxe4 29.
Ra4 Be5 30. Nh3 h6 31. Re1 Nc6 32. Rxe4 Bxc3 33. bxc3 e5 34. Ng1 Rd3 35. Ra3 Ke6 36. Nf3 Kf5 37. Re2 e4 38. Ne1 Rd7 39. Nc2 Ne5 40.
Nd4+ Kf6 41. Rxe4 Nxc4 42. Ra2 Re7 43. Rf4+ Kg7 44. Rg4 Re5 45. Nf3 Re6 46. Nd4 Re5 47.
Nf3 Re6 48. h5 g5 49. Nd4 Re5 50. Nf3 Re6 51. Rd4 Kf6 52. Nh2 Ne5 53. Ra3 Nf7 54. Rd7 Re7 55. Ng4+ Ke6 56. Rd4 Rec7 57. c4 Rxc4 58.
Re3+ Kf5 59. Rf3+ Ke6 60. Re3+ Kf5 61. Rf3+ Ke6 62. Rf6+ Ke7 63. Rxf7+ Kxf7 64. Ne5+ Ke6 65. Nxc4 b5 66. Ne3 a5 67. Re4+ Kd6 68. Nf5+ Kd5 69.
Re7 a4 70. Ra7 Kc5 71. Ra6 Kb4 72. Nxh6 Ka3 73. Nf7 b4 74. h6 b3 75. h7 b2 76.
Rb6 Ka2 77. f4 gxf4 78. g4 a3 79. g5 Kb1 80. g6 a2 81. g7 a1=Q 82. h8=Q Qa8+ 83.
Kh3 Qf3+ 84. Kh4 Qg3+ 85. Kh5 Rc5+ 86. Kh6 Qh4+ 87. Kg6 Qg4+ 88. Kf6 Qf5+ 89. Ke7 Rc7+ 90. Kd6 Rd7+ 91. Kc6 Qd5# 0-1

[Event "GrandPrix_30.05"]
[Site "Chess.com"]
[Date "2020.05.30"]
[Round "4"]
[White "Igor_Lysyj"]
[Black "ChessQueen"]
[Result "0-1"]
[WhiteElo "2495"]
[BlackElo "2326"]
[TimeControl "600+2"]
[EndTime "10:00:10 PDT"]
[Termination "ChessQueen won by resignation"]

1. d4 Nf6 2. c4 e6 3. Nf3 b6 4. g3 Bb7 5. Bg2 Be7 6. Nc3 Ne4 7. Bd2 O-O 8. d5 Nxd2 9. Qxd2 d6 10. Nd4 e5 11.
Nc6 Qd7 12. Nxb8 Raxb8 13. h4 f5 14. Bh3 Bc8 15. e4 Qe8 16. exf5 Bxf5 17. Bxf5 Rxf5 18. Qe2 a6 19. Ne4 Qa4 20. b3 Qa3 21. O-O Rbf8 22.
Kg2 Bd8 23. Rac1 Rf3 24. Rc2 a5 25. Rd1 a4 26. Rd3 Rxd3 27. Qxd3 Be7 28. Qc3 axb3 29. axb3 Ra8 30. h5 Qa1 31. Rc1 Qxc3 32. Nxc3 Kf7 33.
Kf3 Bg5 34. Rb1 Ke8 35. Kg4 Be7 36. Kf5 Kd7 37. Ke4 Bg5 38. Kd3 Be7 39. Kc2 Rf8 40. Ne4 Rf5 41. Rh1 Rf3 42. Rh2 h6 43. Nd2 Rf5 44. Kd3 Rf8 45. Ne4 Rf3+ 46. Kc2 Rf8 47.
Rh1 Rf5 48. Kd2 Rf3 49. Kc2 Rf5 50. Rh3 Rf3 51. Rh2 Bd8 52. Nd2 Rf5 53. Kd1 Be7 54. Ke2 Rf8 55. Rh1 Ra8 56. Ne4 Ra2+ 57. Kf3 Rb2 58.
Kg4 Ke8 59. Ra1 Rxb3 60. Ra8+ Bd8 61. Ra4 b5 62. cxb5 Rxb5 63. Kf5 Rxd5 64. Ke6 Rd4 65. Rxd4 exd4 66. Kd5 Kd7 67. Kxd4 Ke6 68. g4 c6 69. f4 Bb6+ 70. Kd3 d5 71. Ng3 Bd8 72. Nf5 Bf6 73.
Ne3 c5 74. Nd1 c4+ 75. Ke3 Kd6 76. Nf2 Kc5 77. Nh3 d4+ 78. Kd2 d3 79. g5 Bb2 80.
f5 hxg5 81. Nxg5 Be5 82. f6 gxf6 83. Ne6+ Kd5 84. Ng7 Ke4 85. h6 Bf4+ 86. Kc3 Bxh6 87. Ne6 d2 88. Kc2 Kd5 89. Nc7+ Kd4 90. Ne8 Bg5 91.
Ng7 Ke3 92. Kd1 Kd3 93. Ne6 c3 94. Nc5+ Kc4 95. Ne6 Kb3 96. Nc5+ Kb2 97. Na4+ Kb3 98. Nc5+ Kc4 99. Ne4 Bh4 100. Kc2 d1=Q+ 101. Kxd1 Kd3 102. Nc5+ Kd4 103. Ne6+ Kc4 104. Kc2 Bg5 105. Ng7 Bd2 106. Ne8 Bg5 107. Ng7 Kd4 108. Ne6+ Ke5 109. Ng7 Bd2 110. Kd3 f5 111. Nh5 f4 112. Ke2 Kf5 113. Ng7+ Ke4 114. Ne6 f3+ 115. Kd1 f2 116. Ke2 Be3 0-1

[Event "GrandPrix_30.05"]
[Site "Chess.com"]
[Date "2020.05.30"]
[Round "4"]
[White "dzhumagaliev"]
[Black "yamalchess"]
[Result "1/2-1/2"]
[WhiteElo "2194"]
[BlackElo "2350"]
[TimeControl "600+2"]
[EndTime "10:01:05 PDT"]
[Termination "Game drawn by 50-move rule"]

1. Nf3 f5 2. h4 d6 3. h5 e5 4. d4 e4 5. Ng5 Nc6 6. Bf4 Be7 7.
Nh3 Nf6 8. e3 Be6 9. c4 Bf7 10.
Be2 Qd7 11. a3 a5 12. Nc3 h6 13. Bg3 O-O 14. Nf4 Rae8 15. Rb1 Ng4 16. b4 axb4 17. axb4 Bg5 18. b5 Na5 19. Qa4 Ra8 20. Qb4 c5 21.
bxc6 bxc6 22. Na4 c5 23. dxc5 Nc6 24. Nb6 Nxb4 25. Nxd7 Rfd8 26. Rxb4 Rxd7 27. c6 Rc7 28. O-O Rxc6 29. Rfb1 Rac8 30. Nd5 Bxd5 31. cxd5 Rc1+ 32. Bf1 Ne5 33. Bxe5 dxe5 34. g3 Rxb1 35. Rxb1 Kf8 36. Bh3 Rd8 37. Bxf5 Rxd5 38. Bxe4 Rd2 39. Rb7 Bf6 40.
Kg2 Ke8 41. Kf3 Kd8 42. Bf5 Ra2 43.
Be6 Rd2 44. Bg4 Ke8 45. Kg2 Kd8 46. Kf1 Ke8 47. Ke1 Ra2 48. Bd7+ Kd8 49. Bc6 Rc2 50.
Be4 Ra2 51. Bd3 Kc8 52. Rb4 Kc7 53. Rc4+ Kd6 54. Bc2 Rb2 55. Ke2 Kd5 56. Rc8 Kd6 57.
Kd3 Rb4 58. f4 exf4 59. gxf4 Kd7 60. Ra8 Ke7 61. e4 Rd4+ 62. Ke3 Rc4 63. Bd3 Rb4 64. e5 Bh4 65. Ra7+ Kf8 66. e6 Bf6 67. Rf7+ Ke8 68. Bg6 Kd8 69. Rd7+ Kc8 70. Kf3 Rb7 71. Rd5 Kc7 72. Kg4 Rb6 73. Kf5 Rd6 74. Rc5+ Kd8 75. Ra5 Rc6 76. Ra8+ Rc8 77. Ra7 Rc7 78. Ra6 Rc5+ 79.
Ke4 Ke7 80. f5 Re5+ 81. Kd3 Rd5+ 82. Kc4 Rd4+ 83. Kc5 Rd1 84. Ra7+ Kd8 85. Rf7 Rc1+ 86. Kd5 Rd1+ 87. Ke4 Re1+ 88. Kd3 Rd1+ 89. Kc2 Rd5 90. Kb3 Rd4 91. Ka2 Rd5 92. Ka3 Rd4 93. Rf8+ Ke7 94. Re8+ Kd6 95. Kb3 Re4 96. Kc2 Bg5 97.
Kd3 Re1 98. Rf8 Bf6 99. Rf7 Re5 100. Kc4 Rc5+ 101. Kb4 Re5 102. Rd7+ Kc6 103. Rd1 Kc7 104. Kc4 Re4+ 105. Kd5 Re5+ 106. Kc4 Re4+ 107. Kb5 Rd4 108. Rc1+ Kd8 109. Kc6 Rd2 110. Rc5 Rd3 111. Ra5 Rc3+ 112. Kd5 Rd3+ 113. Ke4 Rd4+ 114. Ke3 Rd1 115. Ra8+ Ke7 116. Re8+ Kd6 117. Bh7 Rd5 118. Kf3 Kc7 119. Rf8 Re5 120. Rf7+ Kd6 121. Bg6 Kc6 122. Kf4 Re1 123. Rd7 Rf1+ 124. Ke3 Re1+ 125. Kd2 Re4 126. Kd3 Re1 127. Kc2 Re5 128. Kb3 Rb5+ 129. Ka4 Re5 130. Rd1 1/2-1/2